Unix xNetHack Version 8.0.0 - last build Jan 14 2024 16:46:22 (be4d3c81716514284228e1a23197c27ddb32b841). Game began 2024-03-15 13:03:19, ended 2024-03-15 18:12:50. Catomat, neutral female human Wizard ---------- |..+<..... |........| # |.........#@@## |........| # G# --+- |.........## ## ...| -------.-- # {..-- - -- # # ..........| # #.....- ## # .- -- ## # | ### # -----.-- # |......| # |......-### # |......| ####### -------- ############[## Catomat the Thaumaturge St:13 Dx:16 Co:12 In:16 Wi:9 Ch:12 Neutral S:3280 Dlvl:7 $:180 HP:0(43) Pw:60(61) AC:9 Xp:7/695 T:4209 Latest messages: In what direction? You feel better. You hear a door open. You hear a door open. Please move the cursor to an unknown object. (For instructions type a '?') Done. In what direction? The spell hits the dwarf! The spell misses it. It gets angry! The dwarf swings her pick-axe. The dwarf pounds you! In what direction? The spell hits the dwarf! You kill the dwarf! The spell hits it. It resists! There are a few objects here. g - a Slice of Pizza {5} (2 in total). The watch captain wields a long sword! Please move the cursor to an unknown object. (For instructions type a '?') Done. There are a few objects here. The watch captain picks up a hooded cloak. The gnome lord shoots 3 crossbow bolts! You are hit by the 1st crossbow bolt. You are hit by the 2nd crossbow bolt. You are hit by the 3rd crossbow bolt. The watch captain swings his long sword. The watch captain slashes you! The watch captain swings his long sword. The watch captain lacerates you! The gnome lord shoots 2 crossbow bolts! You are hit by the 1st crossbow bolt. Wizard, your life force is running out. You are hit by the 2nd crossbow bolt. The gnome lord picks up a crossbow bolt. # Are you sure you want to pray? [yn] (n) You begin praying to Thoth. The gnome lord swings his crossbow. The gnome lord hits! You die... Do you want your possessions identified? [ynq] (y) Do you want to see your attributes? [ynq] (y) Do you want an account of creatures vanquished? [ynaq] (y) Do you want to see your conduct and achievements? [ynq] (y) Do you want to see the dungeon overview? [ynq] (y) Inventory: Inventory: 612/675 weight (30/52 slots) Coins $ - 180 gold pieces {2} Weapons P - a cursed -2 orcish dagger {10} a - a blessed +1 quarterstaff (weapon in hands) {40} Armor b - a blessed +0 cloak of magic resistance (being worn) {8} j - a blessed +0 mithril elven ring mail {117} Comestibles g - 2 uncursed Slices of Pizza {10} m - 2 uncursed food rations {40} W - an uncursed tin of dried green mold {10} Scrolls o - a cursed scroll of gold detection {5} q - a blessed scroll of identify {5} X - a blessed scroll of light {5} l - an uncursed scroll of light {5} x - an uncursed scroll of teleportation {5} Potions n - an uncursed potion of blindness {20} v - a blessed potion of booze {20} Y - a blessed potion of confusion {20} U - a blessed potion of oil {20} Q - a blessed potion of polymorph {20} Rings E - an uncursed -1 ring of adornment {3} r - a cursed ring of polymorph {3} Wands Z - a wand of nothing (0:12) {7} R - a wand of slow monster (0:6) {7} f - a wand of striking (0:4) {7} Tools k - an uncursed credit card {1} u - a blessed crystal ball (0:15) {100} N - an uncursed leash {12} s - an uncursed lock pick {4} p - a +0 pick-axe {100} T - an uncursed towel {2} i - a blessed wax candle {2} w - an uncursed wax candle {2} Catomat the Wizard's attributes: Background: You were a Thaumaturge, a level 7 female human Wizard. You were neutral, on a mission for Thoth who was opposed by Ptah (lawful) and Anhur (chaotic). You were heterosexual. You were in the Gnomish Mines, on level 7. You entered the dungeon 4209 turns ago. You had 695 experience points, 585 more were needed to attain level 8. Your score was 3280 before end-of-game adjustments. Basics: You had 0 out of 43 hit points. You had 60 out of 61 energy points (spell power). Your armor class was 9. Your wallet contained 180 zorkmids. Autopickup was on for '$"?!=/' plus thrown. Final Characteristics: Your strength was 13 (limit:18/100). Your dexterity was 16 (limit:18). Your constitution was 12 (limit:18). Your intelligence was 16 (limit:18). Your wisdom was 9 (limit:18). Your charisma was 12 (limit:18). Final Status: You were not hungry. You were unencumbered. You were wielding a quarterstaff. You had basic skill with quarterstaff. Final Attributes: You were piously aligned. You were magic-protected. You were warded. You are dead. Miscellaneous: You never encountered a bones level. Total elapsed playing time was 2 hours, 49 minutes and 43 seconds. Major events: Turn 1: Catomat the neutral female human Wizard entered the dungeon 1251: entered the Gnomish Mines 1642: attained the rank of Conjurer (level 3) 3154: attained the rank of Thaumaturge (level 6) 4209: killed by a gnome lord, while praying Vanquished creatures: a gnome ruler a snake a rock piercer a shrieker a violet fungus 3 gnome leaders 9 giant ants a little dog a kitten 7 dwarves a hill orc a rothe a centipede a dwarf zombie a werejackal an iguana a coyote a gas spore a hobbit 2 hobgoblins 3 giant rats 2 yellow molds 33 gnomes 2 geckos 2 jackals a fox a kobold 2 goblins a sewer rat 4 grid bugs a bat 3 kobold zombies 6 newts 98 creatures vanquished. No species were genocided or became extinct. Voluntary challenges: You read items or engraved 10 times. You never genocided any monsters. You never polymorphed an object. You never changed form. You never touched an artifact. You used no wishes. You never scared an enemy with impunity. You were celibate. You never generated conflict. Achievements: You entered a shop. You entered the Gnomish Mines. You attained the rank of Conjurer. You attained the rank of Thaumaturge. Dungeon overview: The Dungeons of Doom: levels 1 to 7 Level 1: A sink. Level 2: A general store. Level 3: A fountain. Stairs down to The Gnomish Mines. Level 4: "books+ in chest" Level 5: "vault" A throne. Level 6: A fountain, a grave. Level 7: A fountain. The Gnomish Mines: levels 4 to 7 Level 4: Level 5: Level 6: "spellbooks dropped" Level 7: <- You were here. A fountain. Final resting place for you, killed by a gnome lord, while praying. Game over: __________ / \ / REST \ / IN \ / PEACE \ / \ | Catomat | | 180 Au | | killed by a | | gnome lord | | | | | | 2024 | *| * * * | * _________)/\\_//(\/(/\)/\//\/|_)_______ Goodbye Catomat the Wizard... You died in The Gnomish Mines on dungeon level 7 with 3262 points, and 180 pieces of gold, after 4209 moves. You were level 7 with a maximum of 43 hit points when you died.